 Dungeon Crawl Stone Soup version 0.25.1-9-gc5326a611f (webtiles) character file.

Game seed: 10329589623249242501

280 funkygono the Cudgeler (level 6, -4/48 HPs)
             Began as a Demonspawn Abyssal Knight on Dec 31, 2020.
             Was a Believer of Lugonu.
             Killed by divine providence
             ... invoked by an orc priest
              (13 damage)
             ... on level 4 of the Dungeon.
             The game lasted 00:06:27 (5373 turns).

funkygono the Cudgeler (Demonspawn Abyssal Knight)  Turns: 5373, Time: 00:06:28

Health: -4/48      AC: 13    Str: 15    XL:     6   Next: 5%
Magic:  8/8        EV: 15    Int: 13    God:    Lugonu [**....]
Gold:   109        SH:  0    Dex: 12    Spells: 5/5 levels left

rFire    . . .     SeeInvis .   a - +1 mace
rCold    . . .     Gourm    .   (no shield)
rNeg     . . .     Faith    .   t - +4 chain mail
rPois    .         Spirit   .   (no helmet)
rElec    .         Reflect  .   (no cloak)
rCorr    .         Harm     .   (no gloves)
MR       .....                  (no boots)
Stlth    ..........             (no amulet)
HPRegen  0.16/turn              m - +4 ring of evasion
MPRegen  0.11/turn              (no ring)

@: repel missiles
A: claws 1, repulsion field 3, powered by pain 1
a: Depart the Abyss, Bend Space, Renounce Religion


You were on level 4 of the Dungeon.
You worshipped Lugonu.
Lugonu was pleased with you.
You were hungry.

You visited 1 branch of the dungeon, and saw 4 of its levels.
You visited the Abyss 1 time.

You collected 109 gold pieces.

Inventory:

Hand Weapons
 a - a +1 mace (weapon)
 f - a +0 whip
Missiles
 d - 27 stones (quivered)
 p - 27 bolts
Armour
 b - a +0 leather armour
 s - a +0 scale mail
 t - a +4 chain mail (worn)
 u - a +0 leather armour of magic resistance
Jewellery
 m - a +4 ring of evasion (left claw)
Scrolls
 h - a scroll of identify
 o - a scroll of teleportation {unknown}
 q - a scroll of noise {unknown}
Potions
 e - a potion of stabbing
 g - a potion of haste
 i - a potion of might
 k - a potion of flight
 l - a potion of invisibility
Comestibles
 c - 12 rations
 n - 13 chunks of flesh


   Skills:
 + Level 3.9 Fighting
 + Level 4.0 Maces & Flails
 + Level 3.1 Armour
 + Level 1.8 Dodging
 + Level 2.9 Invocations


You had 5 spell levels left.
You didn't know any spells.
Your spell library was empty.

Dungeon Overview and Level Annotations

Branches:
Dungeon (4/15)
 Temple: D:4-7

Altars:


Innate Abilities, Weirdness & Mutations

You have sharp fingernails.
You are surrounded by a strong repulsion field. (EV +4, RMsl)
You sometimes gain a little power by taking damage.


Message History

You barely miss the hound skeleton.
The hound skeleton is lightly damaged.
The hound skeleton barely misses you.
You are feeling hungry.
You sock the hound skeleton!
The hound skeleton is heavily damaged.
The hound skeleton barely misses you. x2
The orc priest invokes the aid of Beogh against you.
Pain shoots through your body!
* * * LOW HITPOINT WARNING * * *
Your chain mail prevents you from hitting the hound skeleton.
The hound skeleton is heavily damaged.
The hound skeleton completely misses you.
The orc priest miscasts a cantrip.
You hit the hound skeleton.
The hound skeleton is severely damaged.
The hound skeleton closely misses you.
The orc priest calls down the wrath of Beogh upon you.
Beogh smites you!
You die...

....... ...
#######.. #.#
......... +.+
#####..# #.#
#......# ##.##
#.###.#. .).
##.###.#.
#.##+#
###......#.
+@Z..#
#....#####.
#o#..#
#..........
##o####
#.##.#####. .o.
#.......>.. #.#
#..#######. +.+
#.## #. #. #.#
#.# ## #.# #.#
#.#
#.....).....#.#


You could see 2 orc priests, an orc and a hound skeleton.

Vanquished Creatures
  Blork the orc (D:4)
  An orc wizard (D:4)
  A worker ant (D:4)
  An iguana (D:4)
  A hound skeleton (D:4)
  2 adders (D:2)
  A worm (D:2)
  A dart slug (D:2)
  4 leopard geckos
  15 orcs
  2 giant cockroaches
  6 goblins
  6 hobgoblins
  16 jackals
  3 kobolds
  A quokka (D:4)
  2 ball pythons
  A bat (D:3)
  2 frilled lizards
  16 rats
83 creatures vanquished.

Notes
Turn   | Place    | Note
-------+----------+-------------------------------------------
     0 | Abyss:1  | funkygono the Demonspawn Abyssal Knight began the quest for
                  | the Orb.
     0 | Abyss:1  | Reached XP level 1. HP: 18/18 MP: 2/2
    70 | Abyss:1  | Noticed an eye of draining
   116 | Abyss:1  | Noticed a wight
   134 | Abyss:1  | Noticed a chaos spawn
   134 | Abyss:1  | Noticed a large abomination
   137 | Abyss:1  | Noticed a red very ugly thing
   149 | Abyss:1  | Noticed a raiju
   151 | D:1      | Escaped the Abyss
   793 | D:1      | Gained mutation: You are surrounded by a mild repulsion
                  | field. (EV +2) [demonic ancestry]
   793 | D:1      | Reached XP level 2. HP: 17/24 MP: 4/4
   869 | D:1      | Reached * piety under Lugonu
  1290 | D:1      | Reached skill level 1 in Dodging
  1648 | D:1      | Reached skill level 2 in Maces & Flails
  2121 | D:2      | Gained mutation: You are surrounded by a moderate repulsion
                  | field. (EV +3) [demonic ancestry]
  2121 | D:2      | Reached XP level 3. HP: 10/29 MP: 5/5
  3503 | D:2      | Gained mutation: You have sharp fingernails. [demonic
                  | ancestry]
  3503 | D:2      | Reached XP level 4. HP: 35/35 MP: 6/6
  3979 | D:3      | Reached ** piety under Lugonu
  4066 | D:3      | Found a faded altar of an unknown god.
  4861 | D:4      | Reached skill level 3 in Maces & Flails
  4994 | D:4      | Gained mutation: You are surrounded by a strong repulsion
                  | field. (EV +4, RMsl) [demonic ancestry]
  4994 | D:4      | Reached XP level 5. HP: 35/42 MP: 7/7
  5052 | D:4      | Noticed Blork the orc
  5073 | D:4      | Killed Blork the orc
  5308 | D:4      | Gained mutation: You sometimes gain a little power by
                  | taking damage. [demonic ancestry]
  5308 | D:4      | Reached XP level 6. HP: 44/48 MP: 8/8
  5309 | D:4      | Reached skill level 4 in Maces & Flails
  5363 | D:4      | HP: 2/48 [orc priest/divine providence (11)]
  5373 | D:4      | Killed from afar by an orc priest

Illustrated notes

Levels and vault maps discovered:
D:1:      dpeg_cavernosity, layout_basic, minmay_rat_gold_closets
D:2:      layout_loops_ring
D:3:      layout_basic, nicolae_overflow_hidden_temple,
          chequers_ecumenical_altar_grove, first_ration
D:4:      minmay_door_path, layout_rooms, minmay_temple_entry_poolview,
          kennysheep_cluttered_room, sigmund_army, uniq_blork_the_orc

Skill      XL: |  1  2  3  4  5  6 |
---------------+-------------------+-----
Armour         | 2 3 |  3.1
Dodging        | 1 |  1.8
Maces & Flails | 2 3 4 |  4.0
Fighting       | |  3.9
Invocations    | |  2.9

Action                   |  1- 3 |  4- 6 || total
-------------------------+-------+-------++-------
Melee: Mace              |    62 |   135 ||   197
       Whip              |   143 |    68 ||   211
Throw: Stone             |    10 |       ||    10
Invok: Depart the Abyss  |     1 |       ||     1
       Bend Space        |       |     2 ||     2
  Use: Scroll            |     1 |    12 ||    13
       Potion            |     1 |     1 ||     2
  Eat: Chunk             |     7 |     7 ||    14
Armor: Leather armour    |    35 |     8 ||    43
       Chain mail        |       |    36 ||    36
Dodge: Dodged            |   140 |   164 ||   304
       Repelled          |       |     1 ||     1
